 Dungeon Crawl Stone Soup version 0.30.0 (webtiles) character file.

Game seed: 3075365950506467243

1 olmar the Grasshopper (level 1, -1/19 HPs)
             Began as a Naga Warper on May 6, 2023.
             Slain by a jackal (2 damage)
             ... on level 1 of the Dungeon.
             The game lasted 00:00:11 (95 turns).

olmar the Grasshopper (Naga Warper)                   Turns: 95, Time: 00:00:12

Health: -1/19      AC:  1    Str: 13    XL:     1   Next: 20%
Magic:  3/3        EV:  9    Int: 13    God:
Gold:   0          SH:  0    Dex: 10    Spells: 4/4 levels left

rFire   . . .        a - +0 mace
rCold   . . .        (no shield)
rNeg    . . .        b - +0 leather armour
rPois   +            (no helmet)
rElec   .            (no cloak)
rCorr   .            (no gloves)
SInv    +            (no barding)
Will    .....        (no amulet)
Stlth   +            (no ring)
HPRegen 0.23/turn    (no ring)
MPRegen 0.08/turn

%: no passive effects
@: short of breath, very slow
A: AC +0, large, see invisible, deformed body, poison resistance, slowness 2,
spit poison 1, naga tail 1
a: Spit Poison


You were on level 1 of the Dungeon.
You visited 1 branch of the dungeon, and saw 1 of its levels.

Inventory:

Hand Weapons
 a - a +0 mace (weapon)
Missiles
 d - 7 boomerangs of dispersal (quivered)
Armour
 b - a +0 leather armour (worn)
Scrolls
 c - a scroll of blinking
Potions
 e - a potion of might {unknown}


   Skills:
 + Level 2.0 Fighting
 + Level 2.0 Maces & Flails
 + Level 0.8 Throwing
 + Level 1.0 Armour
 + Level 1.5 Dodging
 + Level 2.0 Spellcasting
 + Level 3.0 Translocations


You had 4 spell levels left.
You didn't know any spells.
Your spell library contained the following spells:

 Spells                   Type           Power      Damage    Failure   Level
 Blink                    Tloc           18%        N/A       14%         2
 Lesser Beckoning         Tloc           18%        N/A       14%         2
 Teleport Other           Tloc           9%         N/A       28%         3
 Vhi's Electric Charge    Tloc/Air       10%        N/A       45%         3
 Manifold Assault         Tloc           9%         N/A       67%         4


Dungeon Overview and Level Annotations

Branches:
Dungeon (1/15)

Altars:


Innate Abilities, Weirdness & Mutations

Your serpentine skin is tough. (AC +0)
You have supernaturally acute eyesight. (SInv)
Armour fits poorly on your strangely shaped body.
Your system is resistant to poisons. (rPois)
You cover ground very slowly.
You can spit poison.
You have a snake-like lower body.


Message History

The giant cockroach moves out of view.
You hit the jackal but do no damage.
The jackal is heavily wounded.
The jackal barely misses you.
Aiming: Spit Poison (3% risk of failure)
Press: ? - help, Shift-Dir - straight line, f - jackal
Aim: a jackal (43% to hit)
The splash of poison misses the jackal. x2; The jackal bites you. x2
Unknown command.
You hit the jackal.
The jackal is severely wounded.
The jackal barely misses you. The jackal bites you.
You hit the jackal but do no damage.
The jackal is severely wounded.
You have got your breath back.
The jackal closely misses you.
Aiming: Spit Poison (3% risk of failure)
Press: ? - help, Shift-Dir - straight line, f/p - jackal
Aim: a jackal (43% to hit)
The splash of poison hits the jackal.
The jackal is poisoned.
The jackal is almost dead.
The jackal bites you. x2
Unknown command.
You barely miss the jackal.
The jackal is almost dead.
The jackal bites you.
* * * LOW HITPOINT WARNING * * *
The jackal barely misses you.
You hit the jackal.
You kill the jackal!
The jackal closely misses you.
Your Armour skill increases to level 1!
You hit the jackal but do no damage. The jackal bites you.
* * * LOW HITPOINT WARNING * * *
The jackal bites you.
* * * LOW HITPOINT WARNING * * *
You hit the jackal but do no damage. The jackal bites you.
* * * LOW HITPOINT WARNING * * *
The jackal bites you.
You die...

≈≈≈≈≈~≈≈8≈≈ ≈≈≈≈≈≈~≈≈≈≈
...≈≈≈~≈≈≈≈ ≈≈≈.≈≈~≈≈≈≈≈
≈≈≈.>~≈≈≈≈≈≈# ###
≈≈~<.≈≈≈≈..≈####.. #
≈~≈≈.≈≈≈.≈≈... ..# #.#.
≈~≈≈≈...≈≈≈≈.###.###.....
≈~≈≈≈≈≈≈≈≈≈≈..##@#..(..#
≈≈~≈≈≈≈≈8≈≈≈#.#.#hB....#
≈≈≈~≈≈≈≈≈≈≈##..###.......
≈≈≈~≈≈≈≈≈≈....#.# .....##
≈≈~≈≈≈≈≈≈.###.##.#.....#
..#######.# #.# .###.###
.###### #.# #.# # .#
......# #.# #.# # .####.#
#.# #.#


You could see a jackal and a giant cockroach.

Vanquished Creatures
  A jackal (D:1)
1 creature vanquished.

Notes
Turn   | Place    | Note
-------+----------+-------------------------------------------
     0 | D:1      | olmar the Naga Warper began the quest for the Orb.
     0 | D:1      | Reached XP level 1. HP: 19/19 MP: 3/3
    94 | D:1      | Reached skill level 1 in Armour
    95 | D:1      | Slain by a jackal

Illustrated notes

Levels and vault maps discovered:
D:1:      nzn_arrival_water_spiral, layout_loops_ring

Skill      XL: |  1 |
---------------+----+-----
Armour         | 1 |  1.0
Fighting       | |  2.0
Maces & Flails | |  2.0
Throwing       | |  0.8
Dodging        | |  1.5
Spellcasting   | |  2.0
Translocations | |  3.0

Action                     || total
---------------------------++-------
  Melee: Mace              ||    11
Ability: Spit Poison       ||     2
 Armour: Leather armour    ||     1
  Dodge: Dodged            ||    11
